 Dungeon Crawl Stone Soup version 0.28.0 (webtiles) character file.

Game seed: 7563915897459658430

1882 blackman the Cleaver (level 8, -1/94 (96) HPs)
             Began as a Minotaur Fighter on Feb 5, 2022.
             Was an Elder of Jiyva.
             Killed from afar by a steam dragon (12 damage)
             ... with a ball of steam
             ... on level 7 of the Dungeon.
             The game lasted 00:05:31 (3836 turns).

blackman the Cleaver (Minotaur Fighter)             Turns: 3836, Time: 00:05:32

HP:   -1/94 (96)    AC: 24    Str: 23    XL:     8   Next: 92%
MP:   7/7           EV:  2    Int:  5    God:    Jiyva [****..]
Gold: 168           SH:  4    Dex: 10    Spells: 7/7 levels left

rFire   . . .      SeeInvis .   a - +0 war axe
rCold   . . .      Faith    .   c - +0 buckler
rNeg    . . .      Spirit   .   (armour currently unavailable)
rPois   +          Reflect  .   (helmet currently unavailable)
rElec   .          Harm     .   (cloak currently unavailable)
rCorr   +          Rampage  .   (gloves currently unavailable)
Will    .....      NoTele   +   (boots unavailable)
Stlth   +.........              (no amulet)
HPRegen 1.53/turn               i - ring of resist corrosion
MPRegen 0.50/turn               (no ring)

@: mighty, tree-form, lightly drained
A: stationary, stasis, torment immunity, boosted hp, (horns 2), (retaliatory
headbutt), (beak), (hooves 3)
a: Renounce Religion, Oozemancy, Slimify


You were on level 7 of the Dungeon.
You worshipped Jiyva.
Jiyva was greatly pleased with you.
You were a tree.
You visited 1 branch of the dungeon, and saw 8 of its levels.

You collected 168 gold pieces.

Inventory:

Hand Weapons
 a - a +0 war axe (weapon)
Missiles
 e - 2 throwing nets (quivered)
Armour
 b - a +0 scale mail (melded)
 c - a +0 buckler (worn)
Jewellery
 i - a ring of resist corrosion (left branch)
 n - a ring of flight
 p - an amulet of the acrobat
Scrolls
 g - 2 scrolls of teleportation
 h - a scroll of enchant weapon
 k - 3 scrolls of vulnerability
 m - 2 scrolls of fear {unknown}
 q - 2 scrolls of blinking
Potions
 j - a potion of lignification
 l - a potion of attraction {unknown}
 o - a potion of curing {unknown}
 r - a potion of cancellation {unknown}


   Skills:
 - Level 3.6 Fighting
 + Level 13.8 Axes
 - Level 3.6 Armour
 - Level 3.6 Shields


You had 7 spell levels left.
You didn't know any spells.
Your spell library contained the following spells:

 Spells                   Type           Power      Damage    Failure   Level
 Beastly Appendage        Tmut           0%         N/A       56%         1
 Wereblood                Tmut           0%         N/A       71%         2
 Spider Form              Tmut/Pois      0%         N/A       91%         3


Dungeon Overview and Level Annotations

Branches:
Dungeon (8/15)             Temple (0/1) D:4
   Lair: D:8-11

Altars:
Okawaru
Vehumet
Wu Jian
Xom
Jiyva

Shops:
D:1 ?

Annotations:
D:5 Pikel


Innate Abilities, Weirdness & Mutations

You are a tree.
Your roots penetrate the ground, keeping you stationary.
You cannot be teleported.
You are immune to unholy pain and torment.
Your maximum health is greatly increased.
Your equipment is partially melded.
((You have a pair of horns on your head.))
((You reflexively headbutt those who attack you in melee.))
((You have a beak for a mouth.))
((You have hooves in place of feet.))


Message History

You hit the steam dragon. The steam dragon breathes steam at you.
The ball of steam hits you!
The gnoll sergeant hits you with a +4 vampiric trident!
The gnoll sergeant draws strength from your wounds!
You hear a shout!
You hit the gnoll sergeant but do no damage.
You kick the gnoll sergeant, but do no damage.
The gnoll sergeant blocks your attack.
You peck the gnoll sergeant, but do no damage.
The gnoll sergeant is heavily wounded.
You hit the steam dragon.
You are engulfed in a cloud of scalding steam.
The steam dragon bites you but does no damage.
The steam dragon barely misses you.
The gnoll sergeant hits you with a +4 vampiric trident!
The gnoll sergeant draws strength from your wounds!
You barely miss the gnoll sergeant.
Your headbutt misses the gnoll sergeant.
The gnoll sergeant is moderately wounded.
You slash the steam dragon!
You are engulfed in a cloud of scalding steam.
The steam dragon bites you. You block the steam dragon's attack.
The gnoll sergeant hits you with a +4 vampiric trident!
* * * LOW HITPOINT WARNING * * *
The gnoll sergeant draws strength from your wounds!
You are too injured to fight recklessly!
The gnoll sergeant hits you from afar with a +4 vampiric trident!
* * * LOW HITPOINT WARNING * * *
You feel very mighty all of a sudden.
The steam dragon bites you but does no damage.
The steam dragon closely misses you.
The gnoll sergeant hits you from afar with a +4 vampiric trident.
* * * LOW HITPOINT WARNING * * *
You turn into a tree.
Your +0 scale mail melds into your body.
Your roots penetrate the ground.
The steam dragon breathes steam at you. The ball of steam hits you!
You die...

.####### .####.###
...##.#.##
##.##..#.##
#......#.#
##.##....###########
...##.#............##
......###########...#
..##### ##♣#.#.#
.....# #D##.# .#
####.#
#....gg.....#.# #
#.####.##.#..## ##.
.#.# # # .. #
####..## g# .......#
.####..


You could see a steam dragon (catching breath), a gnoll sergeant and a gnoll.

Vanquished Creatures
  A wyvern (D:7)
  Menkaure (D:7)
  A water moccasin (D:6)
  A hornet zombie (D:7)
  An ice beast (D:7)
  A sky beast (D:6)
  4 ogres
  A kobold brigand (D:6)
  A phantom (D:6)
  A bullfrog (D:7)
  A wyvern zombie (D:7)
  A water moccasin zombie (D:6)
  3 wights (D:7)
  A hound (D:6)
  2 orc priests
  A bullfrog zombie (D:6)
  3 centaur skeletons
  A bullfrog skeleton (D:4)
  A gnoll shaman (D:6)
  4 orc wizards
  8 gnolls
  5 adders
  6 worms
  3 dart slugs
  11 orcs
  A bat (D:1)
  A giant cockroach (D:1)
  9 goblins
  7 hobgoblins
  7 jackals
  4 quokkas
  4 ball pythons
  3 frilled lizards
  6 kobolds
  A rat (D:1)
107 creatures vanquished.

Vanquished Creatures (others)
  A lava snake (D:7)
  11 jellies
  An orc priest (D:7)
  A gnoll shaman (D:6)
  An orc wizard (D:7)
  Natasha (thrice) (D:2)
  An iguana (D:6)
  2 gnolls (D:7)
  An adder (D:2)
  An adder skeleton (D:4)
  2 endoplasms (D:4)
  An orc (D:7)
  2 ball pythons
  3 goblins (D:2)
  2 hobgoblins
  A quokka (D:2)
  2 bats (D:2)
36 creatures vanquished.

Grand Total: 143 creatures vanquished

Notes
Turn   | Place    | Note
-------+----------+-------------------------------------------
     0 | D:1      | blackman the Minotaur Fighter began the quest for the Orb.
     0 | D:1      | Reached XP level 1. HP: 19/19 MP: 0/0
    53 | D:1      | Reached skill level 3 in Axes
   119 | D:1      | Reached XP level 2. HP: 21/26 MP: 1/1
   339 | D:1      | Found Xaxiam's Magic Scroll Emporium.
   432 | D:1      | Found a faded altar of an unknown god.
   497 | D:1      | Reached skill level 4 in Axes
   645 | D:1      | Prayed at the altar of an unknown god.
   645 | D:1      | Became a worshipper of Jiyva Jeheh the Shapeless
   645 | D:1      | Reached * piety under Jiyva
   867 | D:2      | Reached XP level 3. HP: 31/31 MP: 2/2
   965 | D:2      | Killed Natasha
   995 | D:2      | Killed Natasha
  1030 | D:2      | Killed Natasha
  1197 | D:3      | Reached ** piety under Jiyva
  1286 | D:3      | Reached skill level 5 in Axes
  1469 | D:3      | Reached XP level 4. HP: 39/39 MP: 3/3
  1472 | D:3      | Reached skill level 6 in Axes
  1671 | D:4      | Reached XP level 5. HP: 43/45 MP: 4/4
  1808 | D:4      | Reached skill level 7 in Axes
  1842 | D:4      | Found a staircase to the Ecumenical Temple.
  1857 | D:4      | Noticed an ogre
  1908 | D:4      | Killed an ogre
  1909 | D:4      | Reached skill level 8 in Axes
  1909 | D:4      | Reached XP level 6. HP: 46/51 MP: 5/5
  1957 | D:4      | Found a glowing drain.
  2298 | D:5      | Entered Level 5 of the Dungeon
  2313 | D:5      | Noticed Pikel
  2330 | D:6      | Noticed a water moccasin
  2339 | D:6      | Killed a water moccasin
  2340 | D:6      | Reached skill level 9 in Axes
  2440 | D:6      | Reached XP level 7. HP: 19/57 MP: 6/6
  2492 | D:6      | Reached skill level 10 in Axes
  2559 | D:6      | Reached *** piety under Jiyva
  2576 | D:6      | Reached skill level 11 in Axes
  2614 | D:6      | Reached XP level 8. HP: 23/64 MP: 7/7
  2719 | D:6      | Found a sand-covered staircase.
  2850 | D:6      | Gained mutation: You have a beak for a mouth. [Jiyva's
                  | grace]
  2850 | D:6      | Gained mutation: You have large cloven feet. [Jiyva's
                  | grace]
  2850 | D:6      | Gained mutation: You have hoof-like feet. [Jiyva's grace]
  2850 | D:6      | Gained mutation: You have hooves in place of feet. [Jiyva's
                  | grace]
  3074 | D:7      | Reached skill level 12 in Axes
  3138 | D:7      | Found a shimmering altar of Xom.
  3242 | D:7      | Reached skill level 13 in Axes
  3492 | D:7      | Noticed Menkaure
  3496 | D:7      | Killed Menkaure
  3502 | D:8      | Found an ornate altar of the Wu Jian Council.
  3502 | D:8      | Reached **** piety under Jiyva
  3505 | D:8      | Noticed a cyclops
  3761 | D:7      | Found an iron altar of Okawaru.
  3761 | D:7      | Found a radiant altar of Vehumet.
  3836 | D:7      | Killed from afar by a steam dragon

Illustrated notes

Levels and vault maps discovered:
D:1:      shiori_arrival_oz, layout_basic, ebering_ecumenical_altar_webs,
          serial_shops, shop
D:2:      layout_rooms, uniq_natasha
D:3:      layout_rooms
D:4:      layout_basic, temple_pool_b, cheibrodos_sewer_entry_drain
D:5:      layout_cave_pools, fedhas_altar_decomposition,
          kennysheep_small_spiral, uniq_pikel, uniq_blork_the_orc
D:6:      layout_rooms, nicolae_ossuary_entry_false_entrances, minmay_between
D:7:      layout_loops_ring, chequers_temple_overflow_minitemple,
          gammafunk_temple_overflow_statue, kennysheep_diamond, uniq_menkaure
D:8:      layout_loops_ring, mainiacjoe_overflow_catwalk,
          mainiacjoe_overflow_concentric_impassable

Skill      XL: |  1  2  3  4  5  6  7  8 |
---------------+-------------------------+-----
Axes           | 3 4 5 6 8 9 11 13 | 13.8
Fighting       | |  3.6
Armour         | |  3.6
Shields        | |  3.6

Action                   |  1- 3 |  4- 6 |  7- 9 || total
-------------------------+-------+-------+-------++-------
Melee: War axe           |    75 |   127 |   118 ||   320
       Headbutt          |     6 |    13 |    17 ||    36
       Kick              |       |       |    18 ||    18
       Peck              |       |       |     9 ||     9
Throw: Throwing net      |       |       |     1 ||     1
  Use: Scroll            |       |       |     6 ||     6
       Potion            |       |       |     2 ||     2
Armor: Scale mail        |    40 |    57 |    34 ||   131
Dodge: Dodged            |    39 |    42 |    45 ||   126
Block: Buckler           |    23 |    25 |    22 ||    70
